 Dungeon Crawl Stone Soup version 0.28-a0-925-gd5e1996cdb (webtiles) character file.

Game seed: 12397142422699253712

3185 Anno the Cruncher (level 9, -9/68 HPs)
             Began as a Naga Ice Elementalist on Nov 26, 2021.
             Was an Initiate of Jiyva.
             Mangled by an orc warrior (16 damage)
             ... in a bailey on Nov 27, 2021.
             The game lasted 00:37:47 (10580 turns).

Anno the Cruncher (Naga Ice Elementalist)          Turns: 10580, Time: 00:37:48

Health: -9/68      AC:  7    Str: 11    XL:     9   Next: 95%
Magic:  5/15       EV:  9    Int: 19    God:    Jiyva [......]
Gold:   423        SH:  0    Dex: 11    Spells: 2/16 levels left

rFire   . . .      SeeInvis +   u - +0 trident
rCold   . . .      Faith    .   (no shield)
rNeg    . . .      Spirit   .   a - +0 robe
rPois   +          Reflect  .   (no helmet)
rElec   .          Harm     .   f - +1 cloak
rCorr   .          Rampage  .   o - +0 pair of gloves
Will    +....                   (no barding)
Stlth   ++........              (no amulet)
HPRegen 0.21/turn               (no ring)
MPRegen 0.14/turn               (no ring)

@: very slow
A: AC +3, large, see invisible, deformed body, poison resistance, slowness 2,
spit poison 1, naga tail 1
a: Spit Poison, Renounce Religion


You were in a bailey.
You worshipped Jiyva.
Jiyva was noncommittal.
You visited 2 branches of the dungeon, and saw 9 of its levels.
You also visited: Ossuary and Bailey.

You collected 423 gold pieces.

Inventory:

Hand Weapons
 b - a +2 quarterstaff of chaos
 i - a +0 glaive
 j - a +0 bardiche
 u - a +0 trident (weapon)
 A - a +2 mace of draining
Missiles
 t - 8 boomerangs (quivered)
Armour
 a - a +0 robe (worn)
 f - a +1 cloak (worn)
 o - a +0 pair of gloves (worn)
Magical Staves
 e - a staff of fire
Scrolls
 d - 3 scrolls of enchant armour
 m - 4 scrolls of teleportation
 p - a scroll of silence
 s - a scroll of fear
 B - a scroll of holy word
 C - 5 scrolls of amnesia
 D - a scroll of enchant weapon
Potions
 c - a potion of mutation {unknown}
 g - a potion of berserk rage {unknown}
 k - a potion of haste {unknown}
 l - 3 potions of might
 n - a potion of magic {unknown}
 q - a potion of lignification {unknown}
 x - a potion of flight {unknown}
 z - 3 potions of degeneration {unknown}
 F - 2 potions of attraction {unknown}


   Skills:
 - Level 9.0 Staves
 - Level 1.5 Dodging
 - Level 3.0 Stealth
 - Level 4.0 Spellcasting
 - Level 1.2 Conjurations
 - Level 8.0 Ice Magic
 + Level 5.1 Air Magic
 - Level 3.0 Evocations


You had 2 spell levels left.
You knew the following spells:

 Your Spells              Type           Power      Damage    Failure   Level
b - Frozen Ramparts       Ice            68%        1d8       1%          3
c - Ozocubu's Armour      Ice            34%        N/A       1%          3
d - Hailstorm             Conj/Ice       21%        3d6       21%         4
e - Airstrike             Air            11%        N/A       17%         4

Your spell library contained the following spells:

 Spells                   Type           Power      Damage    Failure   Level
 Freeze                   Ice            100%       1d11      1%          1
 Shock                    Conj/Air       60%        1d6       3%          1
 Summon Small Mammal      Summ           12%        N/A       14%         1
 Passwall                 Tmut/Erth      2%         N/A       21%         2
 Swiftness                Air            23%        N/A       4%          3
 Call Canine Familiar     Summ           3%         N/A       38%         3
 Portal Projectile        Hex/Tloc       6%         N/A       38%         3
 Summon Guardian Golem    Hex/Summ       3%         N/A       38%         3
 Summon Lightning Spire   Summ/Air       13%        N/A       43%         4
 Lightning Bolt           Conj/Air       7%         1d20      71%         5
 Blade Hands              Tmut           1%         N/A       98%         5
 Excruciating Wounds      Necr           1%         N/A       98%         5


Dungeon Overview and Level Annotations

Branches:
Dungeon (8/15)             Temple (1/1) D:4         Ossuary (visited)
 Bailey (1/1)
   Lair: D:8-11

Altars:
Ashenzari
Dithmenos
Elyvilon
Fedhas
Gozag
Hepliaklqana
Kikubaaqudgha
Makhleb
Nemelex Xobeh
Okawaru
Ru
Sif Muna
Uskayaw
Vehumet
Xom
Yredelemnul
Zin
The Shining One
Jiyva


Innate Abilities, Weirdness & Mutations

Your serpentine skin is tough. (AC +3)
You have supernaturally acute eyesight. (SInv)
Armour fits poorly on your strangely shaped body.
Your system is resistant to poisons. (rPois)
You cover ground very slowly.
You can spit poison.
You have a snake-like lower body.


Message History

The wall freezes the centaur.
You kill the centaur!
Your Air Magic skill increases to level 5!
Your frozen ramparts will break if you move.
Continue?
The frozen ramparts melt away as you move.
The centaur throws a javelin.
The javelin barely misses you.
The centaur throws a javelin.
The javelin pierces through you!
The orc warrior hits you from afar with a +0 glaive!
* * * LOW HITPOINT WARNING * * *
Okay, then.
Unknown command.
You feel much better.
The orc warrior hits you from afar with a +0 glaive!!
* * * LOW HITPOINT WARNING * * *
Casting: Frozen Ramparts (safe; 1% risk of failure)
Confirm with . or Enter, or press ? or * to list all spells.
Casting: Hailstorm (dangerous; 21% risk of failure)
Press: ? - help, Dir - look around, f - activate A cannonade of hail descends around you!
The hail pelts the orc warrior!
The orc warrior is heavily wounded.
The hail pelts the orc warrior!
The orc warrior is almost dead.
The orc warrior hits you from afar with a +0 glaive!
* * * LOW HITPOINT WARNING * * *
The orc warrior barely misses you.
Unknown command.
Unknown command.
Casting: Hailstorm (dangerous; 21% risk of failure)
Confirm with . or Enter, or press ? or * to list all spells.
Casting: Hailstorm (dangerous; 21% risk of failure)
Press: ? - help, Dir - look around, f - activate A cannonade of hail descends around you!
The hail pelts the orc warrior!
The orc warrior is almost dead.
The hail pelts the orc warrior.
The orc warrior is almost dead.
The orc warrior barely misses you.
The orc warrior hits you from afar with a +0 glaive!
You die...

#####⌠.......#≈≈≈≈≈≈≈..≈≈≈
....#####....#≈≈≈≈≈coJ≈≈..
≈≈≈≈....##...#≈≈≈≈.≈≈≈....
...≈≈≈.⌠.#...#≈≈≈≈.≈......
≈≈≈..≈≈..#...#≈≈≈.≈≈.⌠....
..≈≈≈.≈≈.#⌠..#≈≈≈.≈.......
≈≈..J≈.≈.##..#≈≈)≈≈....≈≈≈
.≈≈≈.≈.≈≈.#..#####...≈≈≈≈≈
⌠..≈.≈≈.≈.#.....@.o.≈≈≈≈≈≈
∩..≈....≈.#.........≈≈≈≈≈.
⌠..≈.≈≈ #..+....o.≈≈≈≈≈≈
.≈≈≈.≈. #..#####...≈≈≈≈≈
≈≈o.≈≈. ##..# ≈≈....≈≈≈
..≈≈≈.≈ #⌠..# .≈.......
≈≈≈..≈≈ #...# .≈≈.⌠....
...≈≈≈. #...# .≈.....
≈≈≈≈... ##...# .≈≈≈...


You could see 2 orc warriors.

Vanquished Creatures
  Menkaure (D:5)
  A water moccasin (D:8)
  Duvessa (D:4)
  An ice beast (D:5)
  6 orc warriors
  2 black bears
  A necrophage (D:5)
  A sky beast (D:6)
  4 centaurs
  2 phantoms (D:6)
  2 kobold brigands
  A wyvern zombie (D:5)
  3 scorpions
  Dowan (D:4)
  A water moccasin skeleton (D:7)
  3 centaur zombies (D:6)
  4 jellies (D:8)
  A bullfrog zombie (D:6)
  Crazy Yiuf (D:5)
  4 orc priests
  A bullfrog skeleton (D:6)
  3 iguanas
  3 orc wizards
  A hound skeleton (D:4)
  A mummy (Ossuary)
  6 adders
  2 ufetubi
  4 worms
  2 dart slugs
  36 orcs
  5 spectral bats (Ossuary)
  6 bats
  10 endoplasms
  12 gnoll zombies (Ossuary)
  11 goblins
  10 hobgoblins
  17 jackals
  4 quokkas
  13 ball pythons
  2 bat simulacra (Ossuary)
  A frilled lizard (D:2)
  A goblin simulacrum (Ossuary)
  4 goblin zombies (Ossuary)
  4 hobgoblin zombies (Ossuary)
  12 kobolds
  5 kobold simulacra (Ossuary)
  4 kobold zombies (Ossuary)
  6 orc zombies (Ossuary)
  6 rats
  5 rat simulacra (Ossuary)
  3 spectral goblins (Ossuary)
  3 spectral kobolds (Ossuary)
  5 spectral rats (Ossuary)
249 creatures vanquished.

Vanquished Creatures (others)
  A centaur (Bailey)
  9 jellies (Bailey)
  6 orcs (Bailey)
  7 fungi (D:5)
23 creatures vanquished.

Grand Total: 272 creatures vanquished

Notes
Turn   | Place    | Note
-------+----------+-------------------------------------------
     0 | D:1      | Anno the Naga Ice Elementalist began the quest for the Orb.
     0 | D:1      | Reached XP level 1. HP: 15/15 MP: 3/3
   279 | D:1      | Reached XP level 2. HP: 21/22 MP: 1/5
   823 | D:1      | Reached XP level 3. HP: 28/28 MP: 6/6
   850 | D:1      | Learned a level 3 spell: Frozen Ramparts
   908 | D:1      | Reached skill level 5 in Ice Magic
  1144 | D:2      | Found a faded altar of an unknown god.
  1989 | D:2      | Reached XP level 4. HP: 35/36 MP: 3/7
  2633 | D:2      | Learned a level 3 spell: Ozocubu's Armour
  2726 | D:3      | Reached XP level 5. HP: 42/42 MP: 1/8
  3841 | D:4      | Found a blossoming altar of Fedhas.
  3849 | D:4      | Reached XP level 6. HP: 26/49 MP: 6/9
  4018 | D:4      | Found a sparkling altar of Nemelex Xobeh.
  4060 | D:4      | Noticed Duvessa
  4060 | D:4      | Noticed Dowan
  4070 | D:4      | Killed Duvessa
  4071 | D:4      | Killed Dowan
  4869 | D:4      | Found a sacrificial altar of Ru.
  5094 | D:4      | Found a staircase to the Ecumenical Temple.
  5105 | D:4      | Reached XP level 7. HP: 54/55 MP: 9/12
  5266 | Temple   | Entered the Ecumenical Temple
  5441 | D:5      | Entered Level 5 of the Dungeon
  5904 | D:5      | Found a runed translucent door.
  5905 | D:5      | Noticed Crazy Yiuf
  5914 | D:5      | Killed Crazy Yiuf
  6000 | D:5      | Noticed Menkaure
  6005 | D:5      | Killed Menkaure
  6006 | D:5      | Reached skill level 1 in Staves
  6006 | D:5      | Reached skill level 1 in Evocations
  6295 | D:5      | Found a glowing silver altar of Zin.
  6313 | D:5      | Reached skill level 2 in Staves
  6434 | D:5      | Reached XP level 8. HP: 54/62 MP: 0/14
  6717 | D:5      | Reached skill level 3 in Staves
  7158 | D:6      | Reached skill level 4 in Staves
  7379 | D:6      | Reached skill level 5 in Staves
  7768 | D:6      | Reached skill level 6 in Staves
  7921 | D:6      | Reached XP level 9. HP: 57/68 MP: 15/15
  7929 | D:6      | Reached skill level 7 in Staves
  8280 | D:7      | Found a sand-covered staircase.
  8289 | Ossuary  | Entered an ossuary
  8714 | D:7      | Learned a level 4 spell: Hailstorm
  8719 | D:7      | Learned a level 4 spell: Airstrike
  9671 | D:8      | Reached skill level 8 in Staves
  9956 | D:8      | Found a viscous altar of Jiyva.
  9982 | D:8      | Reached skill level 1 in Conjurations
  9989 | D:8      | Became a worshipper of Jiyva Jankyewn the Shapeless
 10045 | D:8      | Found a flagged portal.
 10063 | D:8      | Reached skill level 9 in Staves
 10069 | Bailey   | Entered a bailey
 10098 | Bailey   | Reached skill level 1 in Air Magic
 10576 | Bailey   | Reached skill level 5 in Air Magic
 10580 | Bailey   | Mangled by an orc warrior

Illustrated notes

Levels and vault maps discovered:
D:1:      dpeg_arrival_simpleton_b, layout_basic
D:2:      layout_loops_corners, ebering_ecumenical_altar_mist,
          minmay_small_reverse_x
D:3:      layout_basic, serial_aquarium, aquarium_bridge_square
          [aquarium_subvault_wall, aquarium_subvault_window,
          aquarium_subvault_bridge, aquarium_subvault_bridge],
          aquarium_bridge_long_separate [aquarium_subvault_bridge,
          aquarium_subvault_wall, aquarium_subvault_wall,
          aquarium_subvault_bridge, aquarium_subvault_wall,
          aquarium_subvault_bridge], aquarium_window_1, aquarium_window_double,
          aquarium_view_2c, aquarium_pool_double, grunt_ministairs_9
D:4:      layout_loops_ring, nicolae_overflow_hidden_temple,
          jmf_multi_god_temple, minmay_temple_entry_nine_rooms, uniq_duvessa
D:5:      layout_basic, zin_scriptorium, serial_aquarium,
          aquarium_bridge_island_small [aquarium_subvault_small_open,
          aquarium_subvault_window, aquarium_subvault_bridge,
          aquarium_subvault_bridge, aquarium_subvault_bridge],
          aquarium_window_corner, aquarium_window_1, aquarium_view_2b,
          aquarium_view_2d, nicolae_figureground_pulse, uniq_menkaure,
          uniq_crazy_yiuf_cottage
D:6:      layout_basic
D:7:      layout_layer_cave, enter_ossuary_3
D:8:      layout_basic, mainiacjoe_overflow_cross_hatched, enter_bailey_5,
          jiyva_altar_1
Temple:   eino_narrow_crystal_temple
Bailey:   bailey_polearm_flooded_kennysheep, bailey

Skill      XL: |  1  2  3  4  5  6  7  8  9 |
---------------+----------------------------+-----
Ice Magic      | 5 6 7 8 |  8.0
Spellcasting   | 3 4 |  4.0
Staves         | 2 6 9 |  9.0
Evocations     | 2 3 |  3.0
Conjurations   | 1 |  1.2
Air Magic      | 5 |  5.1
Dodging        | |  1.5
Stealth        | |  3.0

Action                   |  1- 3 |  4- 6 |  7- 9 || total
-------------------------+-------+-------+-------++-------
Melee: Dagger            |    10 |       |       ||    10
       Short sword       |    21 |       |       ||    21
       Spear             |    14 |    66 |       ||    80
       Trident           |       |    75 |    65 ||   140
       Quarterstaff      |       |       |   290 ||   290
       Staff             |       |       |     3 ||     3
Throw: Javelin           |       |       |     5 ||     5
       Boomerang         |       |       |    49 ||    49
 Cast: Freeze            |    18 |     8 |       ||    26
       Frozen Ramparts   |     7 |    14 |    30 ||    51
       Ozocubu's Armour  |       |     3 |    22 ||    25
       Hailstorm         |       |       |     8 ||     8
       Airstrike         |       |       |     1 ||     1
 Abil: Spit Poison       |    20 |     4 |     6 ||    30
Evoke: Wand              |       |       |     7 ||     7
  Use: Potion            |       |       |    11 ||    11
       Scroll            |       |       |    14 ||    14
 Stab: Sleeping          |     6 |    10 |     7 ||    23
       Distracted        |       |       |     1 ||     1
       Petrifying        |       |       |     1 ||     1
       Paralysed         |       |       |     1 ||     1
Armor: Robe              |    10 |    38 |   202 ||   250
Dodge: Dodged            |    30 |    72 |   162 ||   264

Table legend: (Time is in decaauts)
 A = Elapsed time spent in this place.
 B = Non-inter-level travel time spent in this place.
 C = Inter-level travel time spent in this place.
 D = Time resting spent in this place.
 E = Time spent auto-exploring this place.
 F = Levels seen in this place.
 G = Mean time per level.
                   A        B        C        D        E       F      G
               +--------+--------+--------+--------+--------+-----+--------+
         Total |  12898 |  12469 |    429 |    787 |   9308 |  11 | 1172.5 |
       Dungeon |  11653 |  11238 |    415 |    548 |   9025 |   8 | 1456.6 |
        Temple |    188 |    174 |     14 |      0 |    165 |   1 |  188.0 |
       Ossuary |    490 |    490 |      0 |      0 |     83 |   1 |  490.0 |
        Bailey |    566 |    566 |      0 |    239 |     35 |   1 |  566.0 |
               +--------+--------+--------+--------+--------+-----+--------+

Top non-repeatable levels by time:
     D:4: 1995 daAuts
     D:2: 1811 daAuts
     D:5: 1719 daAuts
     D:3: 1520 daAuts
     D:6: 1437 daAuts
     D:1: 1401 daAuts
     D:7: 1258 daAuts
  Bailey: 566 daAuts
     D:8: 508 daAuts
 Ossuary: 490 daAuts
  Temple: 188 daAuts
